 Dungeon Crawl Stone Soup version 0.20.1-1-g8b1a95d (webtiles) character file.

35 Thjof the Vexing (level 3, 20/20 HPs)
             Began as a Kobold Arcane Marksman on Nov 1, 2017.
             Quit the game on level 2 of the Dungeon.
             The game lasted 00:15:56 (1266 turns).

Thjof the Vexing (Kobold Arcane Marksman)           Turns: 1266, Time: 00:15:57

Health: 20/20      AC:  2    Str:  8    XL:     3   Next: 55%
Magic:  4/5        EV: 14    Int: 14    God:
Gold:   70         SH:  0    Dex: 15    Spells: 1/5 levels left

rFire    . . .     SeeInvis .   b - +0 short sword
rCold    . . .     Gourm    .   (shield restricted)
rNeg     . . .     Faith    .   e - +0 robe
rPois    .         Spirit   .   (no helmet)
rElec    .         Reflect  .   (no cloak)
rCorr    .         Harm     .   (no gloves)
MR       .....                  (no boots)
Stlth    +.........             (no amulet)
Regen    0.1/turn               (no ring)
MPRegen  0.1/turn               (no ring)

@: heavily drained
A: carnivore 3
a: no special abilities


You were on level 2 of the Dungeon.
You were very full.

You visited 1 branch of the dungeon, and saw 2 of its levels.

You collected 70 gold pieces.

Inventory:

Hand Weapons
 a - a +0 hand crossbow
 b - a +0 short sword (weapon)
 l - a +0 spear
 m - a +0 whip
 o - a +0 hand axe
 p - a +0 whip
 r - a +0 club
 v - a +0 long sword
 x - a +0 short sword
 y - a +0 club
Missiles
 d - 21 bolts
 j - 25 arrows
 n - 8 stones (quivered)
Armour
 e - a +0 robe (worn)
 s - a +0 leather armour
Jewellery
 k - an uncursed amulet of harm
Scrolls
 g - a scroll of remove curse
 h - a scroll of recharging {unknown}
 i - a scroll of teleportation {unknown}
 t - a scroll of noise {unknown}
 u - a scroll of identify {unknown}
Potions
 q - a potion of cancellation {unknown}
 w - a potion of flight {unknown}
 A - a potion of invisibility {unknown}
Books
 c - a book of Debilitation

   Spells                             Type                      Level
   a - Corona                         Hexes                        1
   b - Slow                           Hexes                        2
   c - Inner Flame                    Hexes/Fire                   3
   d - Portal Projectile              Hexes/Translocation          3
   e - Cause Fear                     Hexes                        4
   f - Leda's Liquefaction            Hexes/Earth                  4
Comestibles
 f - 2 meat rations
 z - 2 chunks of flesh


   Skills:
 + Level 1.2(0.0) Fighting
 + Level 0.6(0.0) Short Blades
 + Level 2.8(1.2) Crossbows
 + Level 3.1(1.4) Dodging
 + Level 1.5(0.0) Spellcasting
 + Level 3.4(1.7) Hexes


You had one spell level left.
You knew the following spells:

 Your Spells              Type           Power        Failure   Level  Hunger
a - Corona                Hex            #......      14%         1    ##.....
b - Inner Flame           Hex/Fire       #.......     52%         3    ####...


Dungeon Overview and Level Annotations

Branches:
Dungeon (2/15)

Altars:


Innate Abilities, Weirdness & Mutations

You are small and have problems with some larger weapons.
You are carnivorous and can eat meat at any time.


Message History

Press: ? - help, Shift-Dir - straight line, f - quokka
Aim: a quokka (hasn't noticed you, chance to defeat MR: 63%)
The quokka is outlined in light.
The quokka misses you.
You barely miss the quokka. The quokka closely misses you.
You closely miss the quokka. The quokka completely misses you.
You hit the quokka.
The quokka is moderately wounded.
The quokka completely misses you. x2
You hit the quokka.
You kill the quokka!
You see here a quokka corpse.
You butcher the quokka corpse.
z - 2 chunks of flesh (gained 1)
You see here a quokka skeleton.
Really remove
k - an amulet of harm?
You remove your amulet of harm.
The amulet drains your life force as you remove it!
You feel drained.
Are you sure you want to abandon this character and quit the game? (Confirm with "yes".)

##### ############ #...#
#..........# #...#
#..........# #...##
#..........# #....####
#..........#
#.......#####..........#
#....÷.@..>.......†....#
#...##.................#
#...##.......######.##..
######.......##.........
#..........###.##..
#####.....## #.#...
##....####.#...
##......##.#...
######.<#.##.##.#...


There were no monsters in sight!

Vanquished Creatures
  An ooze (D:1)
  A ball python (D:1)
  5 giant cockroaches
  4 goblins
  2 hobgoblins (D:2)
  A jackal (D:2)
  5 kobolds
  A quokka (D:2)
  4 bats (D:1)
  2 frilled lizards
  A rat (D:1)
27 creatures vanquished.

Notes
Turn   | Place    | Note
-------+----------+-------------------------------------------
     0 | D:1      | Thjof the Kobold Arcane Marksman began the quest for the Orb.
     0 | D:1      | Reached XP level 1. HP: 12/12 MP: 2/2
   366 | D:1      | Reached XP level 2. HP: 16/16 MP: 3/3
   687 | D:1      | Reached XP level 3. HP: 15/20 MP: 4/4
   835 | D:1      | Learned a level 3 spell: Inner Flame
  1266 | D:2      | Quit the game

Skill      XL: |  1  2 |
---------------+-------+-----
Dodging        | 3 |  3.1
Fighting       | |  1.2
Short Blades   | |  0.6
Crossbows      | |  2.8
Spellcasting   | |  1.5
Hexes          | |  3.4

Action                   || total
-------------------------++-------
Melee: Short sword       ||    67
 Fire: Hand crossbow     ||    31
Throw: Stone             ||     4
 Cast: Corona            ||    21
       Inner Flame       ||     1
  Use: Scroll            ||     1
 Stab: Sleeping          ||     1
  Eat: Chunk             ||    10
Armor: Robe              ||    13
Dodge: Dodged            ||    91
